Connexion

Senators vs Griffins

Created - 24 février 2024 at 05:04

Goals
1 2 3 T
Senators 1 1 2 4
Griffins 1 1 0 2
Shots
1 2 3 T
Senators 13 4 9 26
Griffins 10 16 4 30

GoalsPenalties
1st period
1. Senators , Adam Beckman 13 (Akil Thomas 27, Ryan Merkley 20) at 13:17
2. Griffins , Nick Merkley 28 (Alexander True 9) at 14:46
Otto Koivula (GRG) for Fighting (Major) at 15:25
Wade Allison (BEL) for Fighting (Major) at 15:25
Parker Wotherspoon (GRG) for Fighting (Major) at 15:25
Akil Thomas (BEL) for Fighting (Major) at 15:25
Dylan Coghlan (GRG) for Boarding (Minor) at 15:25
Marc McLaughlin (GRG) for Boarding (Minor) at 15:25
Adam Beckman (BEL) for Roughing (Minor) at 15:25
Jack Rathbone (BEL) for Slashing (Minor) at 15:25
Fillip Zadina (GRG) for Hooking (Minor) at 15:25
2nd period
3. Griffins , Marc McLaughlin 25 (Fillip Zadina 45, Parker Wotherspoon 40) at 6:30
4. Senators , Akil Thomas 23 (Adam Beckman 28, Zac Jones 31) at 19:29 (PP)
Parker Wotherspoon (GRG) for Cross-checking (Minor) at 19:01
3rd period
5. Senators , Wade Allison 17 (Akil Thomas 28, Adam Beckman 29) at 3:23
6. Senators , Antoine Roussel 7 (Jamieson Rees 16, Linus Weissbach 8) at 14:21
A.J. Greer (GRG) for Holding (Minor) at 11:34
Goalie Stats
Leevi Merilainen (BEL), 28 saves from 30 shots - (0,933), W, 31-22-4, 60:00 minutes
Justus Annunen (GRG), 22 saves from 26 shots - (0,846), L, 31-25-6, 60:00 minutes
3 StarsOfficial
1 - Adam Beckman (BEL)
2 - Akil Thomas (BEL)
3 - Antoine Roussel (BEL)
Referees : Justin StPierre and Ian Walsh
Linesman : Brad Lazarowich and Brian Murphy
Game Note
General Fight at 15:25 of 1st period
Otto Koivula and Wade Allison fight to a draw at 15:25 of 1st period
Parker Wotherspoon and Akil Thomas fight to a draw at 15:25 of 1st period
Finance
Level 1 -- Attendance: 1570 (78,50%) -- Ticket Income $62,800
Level 2 -- Attendance: 1000 (100,00%) -- Ticket Income $20,000
Total Attendance: 2570 (85,67%)
Total Ticket Income: $82,800
Other Income: $16,560
Total Income: $99,360



Team Name Goals Shots Shots Attemp Shots Blocked PIM HIT PP PK FO%
Senators 42649914201 / 3 (33%)050%
Griffins 23063820240 / 0 (0,00%150%

Senators
Player Name POS G A P +/- PIM HIT SHT SB MP PP MP PP SHT PK MP PK SHT FO% FOT
Adam BeckmanC/LW1232203019:011:4700:00033% 3
Akil ThomasC/RW1232514017:371:4710:00057% 23
Alex BeaucageLW/RW0000010014:500:0000:0000% 1
Aliaksei ProtasC000-2013021:040:4000:00040% 20
Antoine RousselLW/RW101-1044024:100:4000:00050% 6
Ben JonesC0000012016:140:0000:00059% 22
Cole SchwindtC/RW000-2000020:030:4000:0000% 1
Ian MitchellD0001001120:441:1900:0000% 0
Jack RathboneD0001231219:571:1900:0000% 0
Jamieson ReesC011100005:230:0000:00071% 7
Joey KeaneD0000020016:110:0000:0000% 0
Layton AhacD0000010115:250:0000:0000% 0
Linus WeissbachLW011100104:350:0000:0000% 0
Martin ChromiakLW/RW0000011014:500:0000:0000% 1
Ryan MerkleyD0110010123:511:0800:0000% 0
Tyler MaddenC000000002:340:0000:0000% 2
Wade AllisonRW1012535117:371:4700:0000% 0
Zac JonesD0110011323:511:0810:0000% 0
Griffins
Player Name POS G A P +/- PIM HIT SHT SB MP PP MP PP SHT PK MP PK SHT FO% FOT
A.J. GreerLW000-2210016:040:0000:00050% 2
Adam BrooksC0000030013:170:0001:48045% 20
Alexander TrueC011000008:010:0000:00038% 13
Alexander VolkovLW/RW0000011011:290:0000:0000% 0
Dylan CoghlanD000-2230122:410:0000:5100% 0
Fillip ZadinaRW0111217028:080:0000:52067% 3
Gabriel CarlssonD0001000021:050:0002:2000% 0
Jack AhcanD0000032216:500:0000:4700% 0
Jacob LarssonD0000001216:460:0001:3400% 0
Jake WalmanD0001031122:290:0002:4800% 0
Jonathan DahlenLW000000003:130:0000:2400% 0
Marc McLaughlinC1011204020:090:0000:11048% 27
Nick MerkleyRW101-2007123:590:0002:0800% 2
Otto KoivulaC/LW0001541017:530:0000:0000% 1
Parker WotherspoonD011-2732120:060:0000:3200% 0
Sasha ChmelevskiC/RW000-2003016:160:0000:11076% 17
Shane GersichC/LW000002007:010:0001:1900% 1
Teddy BluegerC/LW000000108:010:0000:0000% 0



Play-by-Play

1st period


0:01 of 1st period - Aliaksei Protas wins face-off versus Marc McLaughlin in neutral zone.
0:18 of 1st period - Shot by Aliaksei Protas.
0:18 of 1st period - Stopped by Justus Annunen without a rebound.
0:19 of 1st period - Akil Thomas wins face-off versus Sasha Chmelevski in Griffins zone.
0:28 of 1st period - Shot by Akil Thomas.
0:28 of 1st period - Stopped by Justus Annunen without a rebound.
0:29 of 1st period - Ben Jones wins face-off versus Adam Brooks in Griffins zone.
0:40 of 1st period - Shot by Ben Jones.
0:40 of 1st period - Shot Blocked by Jacob Larsson.
0:59 of 1st period - Icing by Jack Ahcan.
1:00 of 1st period - Akil Thomas wins face-off versus Adam Brooks in Griffins zone.
1:52 of 1st period - A.J. Greer is hit by Jack Rathbone and loses puck.
2:27 of 1st period - Shot by Antoine Roussel.
2:27 of 1st period - Deflect By Aliaksei Protas.
2:27 of 1st period - Stopped by Justus Annunen with a rebound.
2:50 of 1st period - Icing by Zac Jones.
2:51 of 1st period - Marc McLaughlin wins face-off versus Aliaksei Protas in Senators zone.
2:52 of 1st period - Shot by Fillip Zadina.
2:52 of 1st period - Shot Misses the Net.
3:10 of 1st period - Aliaksei Protas is hit by Parker Wotherspoon and loses puck.
3:46 of 1st period - Adam Brooks is hit by Martin Chromiak and loses puck.
3:53 of 1st period - Layton Ahac is hit by Adam Brooks.
4:27 of 1st period - Shot by Jamieson Rees.
4:27 of 1st period - Shot Misses the Net.
4:29 of 1st period - Shot by Jack Rathbone.
4:29 of 1st period - Stopped by Justus Annunen without a rebound.
4:30 of 1st period - Adam Beckman wins face-off versus Alexander True in Griffins zone.
4:51 of 1st period - Shot by Akil Thomas.
4:51 of 1st period - Shot Blocked by Dylan Coghlan.
4:53 of 1st period - Shot by Wade Allison.
4:53 of 1st period - Shot Misses the Net.
5:01 of 1st period - Shot by Wade Allison.
5:01 of 1st period - Deflect By Akil Thomas.
5:01 of 1st period - Stopped by Justus Annunen with a rebound.
5:06 of 1st period - Wade Allison is hit by Dylan Coghlan and loses puck.
5:31 of 1st period - Icing by Layton Ahac.
5:32 of 1st period - Ben Jones wins face-off versus Marc McLaughlin in Senators zone.
5:51 of 1st period - Shot by Ben Jones.
5:51 of 1st period - Shot Misses the Net.
6:02 of 1st period - Shot by Marc McLaughlin.
6:02 of 1st period - Deflect By Otto Koivula.
6:02 of 1st period - Stopped by Leevi Merilainen with a rebound.
6:04 of 1st period - Shot by Marc McLaughlin.
6:04 of 1st period - Stopped by Leevi Merilainen without a rebound.
6:05 of 1st period - Aliaksei Protas wins face-off versus Adam Brooks in Senators zone.
6:05 of 1st period - Antoine Roussel is hit by Fillip Zadina.
6:14 of 1st period - Aliaksei Protas is hit by Jack Ahcan and loses puck.
6:33 of 1st period - Shot by Aliaksei Protas.
6:33 of 1st period - Stopped by Justus Annunen without a rebound.
6:34 of 1st period - Sasha Chmelevski wins face-off versus Akil Thomas in Griffins zone.
6:55 of 1st period - Shot by Nick Merkley.
6:55 of 1st period - Stopped by Leevi Merilainen with a rebound.
7:39 of 1st period - Antoine Roussel is hit by Otto Koivula and loses puck.
8:04 of 1st period - Icing by Antoine Roussel.
8:05 of 1st period - Alexander True wins face-off versus Aliaksei Protas in Senators zone.
8:34 of 1st period - Jack Ahcan is hit by Antoine Roussel and loses puck.
9:08 of 1st period - Shot by Adam Brooks.
9:08 of 1st period - Shot Misses the Net.
9:10 of 1st period - Shot by Fillip Zadina.
9:10 of 1st period - Stopped by Leevi Merilainen without a rebound.
9:11 of 1st period - Akil Thomas wins face-off versus Marc McLaughlin in Senators zone.
9:20 of 1st period - Shot by Akil Thomas.
9:20 of 1st period - Deflect By Wade Allison.
9:20 of 1st period - Stopped by Justus Annunen with a rebound.
9:26 of 1st period - Ryan Merkley is hit by Shane Gersich and loses puck.
10:08 of 1st period - Ben Jones is hit by Otto Koivula.
10:22 of 1st period - Shot by Sasha Chmelevski.
10:22 of 1st period - Shot Misses the Net.
10:24 of 1st period - Shot by Jake Walman.
10:24 of 1st period - Shot Misses the Net.
10:26 of 1st period - Shot by Sasha Chmelevski.
10:26 of 1st period - Shot Misses the Net.
10:32 of 1st period - Shot by Nick Merkley.
10:32 of 1st period - Stopped by Leevi Merilainen without a rebound.
10:33 of 1st period - Jamieson Rees wins face-off versus Adam Brooks in Senators zone.
10:37 of 1st period - Joey Keane is hit by Jack Ahcan.
10:41 of 1st period - Shot by Joey Keane.
10:41 of 1st period - Shot Blocked by Jacob Larsson.
10:54 of 1st period - Adam Brooks is hit by Joey Keane and loses puck.
11:22 of 1st period - Off-side.
11:23 of 1st period - Akil Thomas wins face-off versus Sasha Chmelevski in neutral zone.
11:33 of 1st period - Shot by Akil Thomas.
11:33 of 1st period - Stopped by Justus Annunen without a rebound.
11:34 of 1st period - Ben Jones wins face-off versus Alexander True in Griffins zone.
11:44 of 1st period - Off-side.
11:45 of 1st period - Marc McLaughlin wins face-off versus Aliaksei Protas in neutral zone.
11:54 of 1st period - Shot by Otto Koivula.
11:54 of 1st period - Shot Misses the Net.
11:57 of 1st period - Icing by Jack Rathbone.
11:58 of 1st period - Sasha Chmelevski wins face-off versus Aliaksei Protas in Senators zone.
13:17 of 1st period - Shot by Adam Beckman.
13:17 of 1st period - Goal by Adam Beckman - Senators : 1 - Griffins : 0.
13:18 of 1st period - Ben Jones wins face-off versus Marc McLaughlin in neutral zone.
14:00 of 1st period - Icing by Joey Keane.
14:01 of 1st period - Ben Jones wins face-off versus Adam Brooks in Senators zone.
14:08 of 1st period - Shot by Fillip Zadina.
14:08 of 1st period - Shot Blocked by Layton Ahac.
14:10 of 1st period - Shot by Jack Ahcan.
14:10 of 1st period - Stopped by Leevi Merilainen with a rebound.
14:12 of 1st period - Shot by Alexander Volkov.
14:12 of 1st period - Shot Misses the Net.
14:14 of 1st period - Shot by Fillip Zadina.
14:14 of 1st period - Deflect By Alexander Volkov.
14:14 of 1st period - Shot Misses the Net.
14:16 of 1st period - Shot by Alexander Volkov.
14:16 of 1st period - Shot Misses the Net.
14:30 of 1st period - Shot by Fillip Zadina.
14:30 of 1st period - Shot Misses the Net.
14:32 of 1st period - Shot by Fillip Zadina.
14:32 of 1st period - Stopped by Leevi Merilainen without a rebound.
14:33 of 1st period - Aliaksei Protas wins face-off versus Alexander True in Senators zone.
14:46 of 1st period - Shot by Nick Merkley.
14:46 of 1st period - Goal by Nick Merkley - Senators : 1 - Griffins : 1.
14:47 of 1st period - Akil Thomas wins face-off versus Otto Koivula in neutral zone.
14:53 of 1st period - Wade Allison is hit by Dylan Coghlan and loses puck.
15:11 of 1st period - Adam Beckman is hit by Parker Wotherspoon and loses puck.
15:25 of 1st period - Otto Koivula and Wade Allison fight to a draw.
15:25 of 1st period - Penalty to Otto Koivula for Fighting.
15:25 of 1st period - Penalty to Wade Allison for Fighting.
15:25 of 1st period - Parker Wotherspoon and Akil Thomas fight to a draw.
15:25 of 1st period - Penalty to Parker Wotherspoon for Fighting.
15:25 of 1st period - Penalty to Akil Thomas for Fighting.
15:25 of 1st period - Minor Penalty to Dylan Coghlan for Boarding.
15:25 of 1st period - Minor Penalty to Marc McLaughlin for Boarding.
15:25 of 1st period - Minor Penalty to Adam Beckman for Roughing.
15:25 of 1st period - Minor Penalty to Jack Rathbone for Slashing.
15:25 of 1st period - Minor Penalty to Fillip Zadina for Hooking.
15:26 of 1st period - Antoine Roussel wins face-off versus Nick Merkley in Griffins zone.
15:41 of 1st period - Icing by Antoine Roussel.
15:42 of 1st period - Antoine Roussel wins face-off versus Adam Brooks in Senators zone.
15:46 of 1st period - Icing by Zac Jones.
15:47 of 1st period - Antoine Roussel wins face-off versus Adam Brooks in Senators zone.
15:52 of 1st period - Adam Brooks is hit by Antoine Roussel and loses puck.
16:07 of 1st period - Shot by Aliaksei Protas.
16:07 of 1st period - Shot Blocked by Jake Walman.
16:09 of 1st period - Shot by Antoine Roussel.
16:09 of 1st period - Stopped by Justus Annunen without a rebound.
16:10 of 1st period - Adam Brooks wins face-off versus Antoine Roussel in Griffins zone.
16:10 of 1st period - Adam Brooks is hit by Aliaksei Protas.
16:17 of 1st period - Icing by Ian Mitchell.
16:18 of 1st period - Adam Brooks wins face-off versus Antoine Roussel in Senators zone.
17:31 of 1st period - Icing by Jamieson Rees.
17:32 of 1st period - Marc McLaughlin wins face-off versus Ben Jones in Senators zone.
17:58 of 1st period - Jonathan Dahlen is hit by Ben Jones and loses puck.
18:47 of 1st period - Icing by Zac Jones.
18:48 of 1st period - Alexander True wins face-off versus Aliaksei Protas in Senators zone.
18:51 of 1st period - Shot by Nick Merkley.
18:51 of 1st period - Stopped by Leevi Merilainen with a rebound.
18:53 of 1st period - Shot by Jacob Larsson.
18:53 of 1st period - Shot Misses the Net.
19:01 of 1st period - Shot by Teddy Blueger.
19:01 of 1st period - Stopped by Leevi Merilainen without a rebound.
19:02 of 1st period - Adam Brooks wins face-off versus Tyler Madden in Senators zone.
19:19 of 1st period - Shot by Ben Jones.
19:19 of 1st period - Stopped by Justus Annunen without a rebound.
19:20 of 1st period - Sasha Chmelevski wins face-off versus Tyler Madden in Griffins zone.
19:33 of 1st period - Shot by Adam Beckman.
19:33 of 1st period - Deflect By Ben Jones.
19:33 of 1st period - Shot Blocked by Jack Ahcan.
19:35 of 1st period - Shot by Layton Ahac.
19:35 of 1st period - Shot Blocked by Jack Ahcan.
19:37 of 1st period - Shot by Adam Beckman.
19:37 of 1st period - Stopped by Justus Annunen without a rebound.
19:38 of 1st period - Jamieson Rees wins face-off versus Marc McLaughlin in Griffins zone.
19:56 of 1st period - Shot by Antoine Roussel.
19:56 of 1st period - Deflect By Linus Weissbach.
19:56 of 1st period - Stopped by Justus Annunen with a rebound.
19:58 of 1st period - Shot by Ryan Merkley.
19:58 of 1st period - Shot Misses the Net.
Goals for this period are 1 for Senators vs 1 for Griffins.
Shots for this period are 13 for Senators vs 10 for Griffins.

2nd period


0:01 of 2nd period - Marc McLaughlin wins face-off versus Aliaksei Protas in neutral zone.
0:09 of 2nd period - Zac Jones is hit by Shane Gersich and loses puck.
1:18 of 2nd period - Off-side.
1:19 of 2nd period - Adam Brooks wins face-off versus Akil Thomas in neutral zone.
1:26 of 2nd period - Shot by Parker Wotherspoon.
1:26 of 2nd period - Stopped by Leevi Merilainen without a rebound.
1:27 of 2nd period - Akil Thomas wins face-off versus Alexander True in Senators zone.
1:54 of 2nd period - Shot by Jacob Larsson.
1:54 of 2nd period - Stopped by Leevi Merilainen without a rebound.
1:55 of 2nd period - Marc McLaughlin wins face-off versus Ben Jones in Senators zone.
1:55 of 2nd period - Otto Koivula is hit by Layton Ahac and loses puck.
2:17 of 2nd period - Marc McLaughlin is hit by Joey Keane and loses puck.
2:37 of 2nd period - Joey Keane is hit by Otto Koivula and loses puck.
5:00 of 2nd period - Shot by Alexander True.
5:00 of 2nd period - Shot Misses the Net.
5:02 of 2nd period - Shot by Parker Wotherspoon.
5:02 of 2nd period - Stopped by Leevi Merilainen without a rebound.
5:03 of 2nd period - Jamieson Rees wins face-off versus Alexander True in Senators zone.
5:14 of 2nd period - Shot by Ryan Merkley.
5:14 of 2nd period - Shot Misses the Net.
5:16 of 2nd period - Shot by Antoine Roussel.
5:16 of 2nd period - Stopped by Justus Annunen without a rebound.
5:17 of 2nd period - Marc McLaughlin wins face-off versus Akil Thomas in Griffins zone.
5:26 of 2nd period - Icing by Jack Rathbone.
5:27 of 2nd period - Alexander True wins face-off versus Akil Thomas in Senators zone.
5:28 of 2nd period - Shot by Nick Merkley.
5:28 of 2nd period - Shot Hit the Post.
5:30 of 2nd period - Shot by Jake Walman.
5:30 of 2nd period - Stopped by Leevi Merilainen without a rebound.
5:31 of 2nd period - Sasha Chmelevski wins face-off versus Aliaksei Protas in Senators zone.
5:46 of 2nd period - Shot by A.J. Greer.
5:46 of 2nd period - Shot Blocked by Zac Jones.
6:08 of 2nd period - Shot by Nick Merkley.
6:08 of 2nd period - Shot Misses the Net.
6:28 of 2nd period - Shot by Fillip Zadina.
6:28 of 2nd period - Shot Misses the Net.
6:30 of 2nd period - Shot by Marc McLaughlin.
6:30 of 2nd period - Goal by Marc McLaughlin - Senators : 1 - Griffins : 2.
6:31 of 2nd period - Akil Thomas wins face-off versus Adam Brooks in neutral zone.
6:34 of 2nd period - Dylan Coghlan is hit by Wade Allison and loses puck.
6:41 of 2nd period - Shot by Akil Thomas.
6:41 of 2nd period - Shot Blocked by Parker Wotherspoon.
6:43 of 2nd period - Shot by Wade Allison.
6:43 of 2nd period - Stopped by Justus Annunen without a rebound.
6:44 of 2nd period - Ben Jones wins face-off versus Marc McLaughlin in Griffins zone.
6:44 of 2nd period - Alex Beaucage is hit by Jack Ahcan and loses puck.
6:50 of 2nd period - Icing by Otto Koivula.
6:51 of 2nd period - Akil Thomas wins face-off versus Marc McLaughlin in Griffins zone.
7:04 of 2nd period - Shot by Marc McLaughlin.
7:04 of 2nd period - Stopped by Leevi Merilainen without a rebound.
7:05 of 2nd period - Sasha Chmelevski wins face-off versus Ben Jones in Senators zone.
7:08 of 2nd period - Shot by Sasha Chmelevski.
7:08 of 2nd period - Stopped by Leevi Merilainen without a rebound.
7:09 of 2nd period - Akil Thomas wins face-off versus Marc McLaughlin in Senators zone.
7:31 of 2nd period - Shot by Akil Thomas.
7:31 of 2nd period - Shot Misses the Net.
7:41 of 2nd period - Shot by Fillip Zadina.
7:41 of 2nd period - Stopped by Leevi Merilainen without a rebound.
7:42 of 2nd period - Sasha Chmelevski wins face-off versus Aliaksei Protas in Senators zone.
8:05 of 2nd period - Shot by Sasha Chmelevski.
8:05 of 2nd period - Stopped by Leevi Merilainen without a rebound.
8:06 of 2nd period - Ben Jones wins face-off versus Adam Brooks in Senators zone.
8:12 of 2nd period - Off-side.
8:13 of 2nd period - Marc McLaughlin wins face-off versus Ben Jones in neutral zone.
8:15 of 2nd period - Off-side.
8:16 of 2nd period - Aliaksei Protas wins face-off versus Marc McLaughlin in neutral zone.
8:27 of 2nd period - Shot by Otto Koivula.
8:27 of 2nd period - Shot Misses the Net.
8:41 of 2nd period - Shot by Otto Koivula.
8:41 of 2nd period - Shot Blocked by Zac Jones.
8:43 of 2nd period - Shot by Marc McLaughlin.
8:43 of 2nd period - Stopped by Leevi Merilainen without a rebound.
8:44 of 2nd period - A.J. Greer wins face-off versus Adam Beckman in Senators zone.
9:35 of 2nd period - Shot by Fillip Zadina.
9:35 of 2nd period - Stopped by Leevi Merilainen with a rebound.
9:37 of 2nd period - Shot by Marc McLaughlin.
9:37 of 2nd period - Shot Blocked by Ian Mitchell.
9:39 of 2nd period - Shot by Fillip Zadina.
9:39 of 2nd period - Shot Blocked by Wade Allison.
10:48 of 2nd period - Shot by Alexander True.
10:48 of 2nd period - Shot Misses the Net.
10:50 of 2nd period - Shot by Jack Ahcan.
10:50 of 2nd period - Stopped by Leevi Merilainen without a rebound.
10:51 of 2nd period - Ben Jones wins face-off versus Adam Brooks in Senators zone.
10:51 of 2nd period - Ben Jones is hit by Alexander Volkov.
11:01 of 2nd period - Shot by Fillip Zadina.
11:01 of 2nd period - Stopped by Leevi Merilainen without a rebound.
11:02 of 2nd period - Adam Brooks wins face-off versus Ben Jones in Senators zone.
11:25 of 2nd period - Shot by Alexander Volkov.
11:25 of 2nd period - Stopped by Leevi Merilainen without a rebound.
11:26 of 2nd period - Jamieson Rees wins face-off versus A.J. Greer in Senators zone.
11:43 of 2nd period - Shot by Nick Merkley.
11:43 of 2nd period - Shot Blocked by Ryan Merkley.
12:06 of 2nd period - Icing by Ryan Merkley.
12:07 of 2nd period - Jamieson Rees wins face-off versus Marc McLaughlin in Senators zone.
12:51 of 2nd period - Icing by Jake Walman.
12:52 of 2nd period - Akil Thomas wins face-off versus Marc McLaughlin in Griffins zone.
13:57 of 2nd period - Shot by Nick Merkley.
13:57 of 2nd period - Shot Misses the Net.
14:05 of 2nd period - Shot by Sasha Chmelevski.
14:05 of 2nd period - Stopped by Leevi Merilainen without a rebound.
14:06 of 2nd period - Aliaksei Protas wins face-off versus Alexander True in Senators zone.
15:39 of 2nd period - Adam Beckman is hit by Adam Brooks and loses puck.
16:07 of 2nd period - Shane Gersich is hit by Wade Allison and loses puck.
16:57 of 2nd period - Icing by Jacob Larsson.
16:58 of 2nd period - Ben Jones wins face-off versus Marc McLaughlin in Griffins zone.
17:08 of 2nd period - Icing by Jacob Larsson.
17:09 of 2nd period - Marc McLaughlin wins face-off versus Akil Thomas in Griffins zone.
17:14 of 2nd period - Adam Beckman is hit by Otto Koivula and loses puck.
17:46 of 2nd period - Icing by Adam Beckman.
17:47 of 2nd period - Adam Brooks wins face-off versus Akil Thomas in Senators zone.
17:53 of 2nd period - Adam Beckman is hit by Jake Walman and loses puck.
18:07 of 2nd period - Gabriel Carlsson is hit by Jack Rathbone and loses puck.
18:29 of 2nd period - Icing by Ian Mitchell.
18:30 of 2nd period - Sasha Chmelevski wins face-off versus Ben Jones in Senators zone.
18:30 of 2nd period - Sasha Chmelevski is hit by Jack Rathbone.
18:34 of 2nd period - Shot by Nick Merkley.
18:34 of 2nd period - Stopped by Leevi Merilainen without a rebound.
18:35 of 2nd period - Sasha Chmelevski wins face-off versus Aliaksei Protas in Senators zone.
19:01 of 2nd period - Minor Penalty to Parker Wotherspoon for Cross-checking.
19:02 of 2nd period - Akil Thomas wins face-off versus Fillip Zadina in Griffins zone.
19:05 of 2nd period - Shot by Zac Jones.
19:05 of 2nd period - Stopped by Justus Annunen without a rebound.
19:06 of 2nd period - Fillip Zadina wins face-off versus Akil Thomas in Griffins zone.
19:06 of 2nd period - Fillip Zadina is hit by Wade Allison.
19:29 of 2nd period - Shot by Akil Thomas.
19:29 of 2nd period - Goal by Akil Thomas - Senators : 2 - Griffins : 2.
19:30 of 2nd period - Fillip Zadina wins face-off versus Aliaksei Protas in neutral zone.
19:55 of 2nd period - Shot by Fillip Zadina.
19:55 of 2nd period - Shot Blocked by Jack Rathbone.
Goals for this period are 1 for Senators vs 1 for Griffins.
Shots for this period are 4 for Senators vs 16 for Griffins.

3rd period


0:01 of 3rd period - Marc McLaughlin wins face-off versus Cole Schwindt in neutral zone.
0:19 of 3rd period - Off-side.
0:20 of 3rd period - Sasha Chmelevski wins face-off versus Alex Beaucage in neutral zone.
0:31 of 3rd period - Shot by Martin Chromiak.
0:31 of 3rd period - Shot Misses the Net.
0:33 of 3rd period - Shot by Ben Jones.
0:33 of 3rd period - Shot Blocked by Nick Merkley.
0:35 of 3rd period - Shot by Ian Mitchell.
0:35 of 3rd period - Stopped by Justus Annunen without a rebound.
0:36 of 3rd period - Marc McLaughlin wins face-off versus Aliaksei Protas in Griffins zone.
0:52 of 3rd period - Marc McLaughlin is hit by Ryan Merkley and loses puck.
0:59 of 3rd period - Shot by Fillip Zadina.
0:59 of 3rd period - Shot Misses the Net.
2:05 of 3rd period - Shot by Adam Beckman.
2:05 of 3rd period - Stopped by Justus Annunen without a rebound.
2:06 of 3rd period - Ben Jones wins face-off versus Adam Brooks in Griffins zone.
3:23 of 3rd period - Shot by Wade Allison.
3:23 of 3rd period - Goal by Wade Allison - Senators : 3 - Griffins : 2.
3:24 of 3rd period - Marc McLaughlin wins face-off versus Antoine Roussel in neutral zone.
3:31 of 3rd period - Shot by Otto Koivula.
3:31 of 3rd period - Shot Blocked by Zac Jones.
3:58 of 3rd period - Icing by Jake Walman.
3:59 of 3rd period - Marc McLaughlin wins face-off versus Akil Thomas in Griffins zone.
4:31 of 3rd period - Shot by Wade Allison.
4:31 of 3rd period - Stopped by Justus Annunen without a rebound.
4:32 of 3rd period - Ben Jones wins face-off versus Sasha Chmelevski in Griffins zone.
4:32 of 3rd period - Ben Jones is hit by Parker Wotherspoon.
4:50 of 3rd period - Shot by Nick Merkley.
4:50 of 3rd period - Stopped by Leevi Merilainen without a rebound.
4:51 of 3rd period - Aliaksei Protas wins face-off versus Alexander True in Senators zone.
5:53 of 3rd period - Adam Brooks is hit by Antoine Roussel and loses puck.
6:54 of 3rd period - Shot by Wade Allison.
6:54 of 3rd period - Stopped by Justus Annunen without a rebound.
6:55 of 3rd period - Sasha Chmelevski wins face-off versus Ben Jones in Griffins zone.
6:55 of 3rd period - Gabriel Carlsson is hit by Alex Beaucage and loses puck.
7:10 of 3rd period - Shot by Ben Jones.
7:10 of 3rd period - Stopped by Justus Annunen without a rebound.
7:11 of 3rd period - Akil Thomas wins face-off versus Nick Merkley in Griffins zone.
7:23 of 3rd period - Off-side.
7:24 of 3rd period - Ben Jones wins face-off versus Marc McLaughlin in neutral zone.
7:26 of 3rd period - Alex Beaucage is hit by Dylan Coghlan and loses puck.
7:42 of 3rd period - Shot by Martin Chromiak.
7:42 of 3rd period - Stopped by Justus Annunen without a rebound.
7:43 of 3rd period - Sasha Chmelevski wins face-off versus Akil Thomas in Griffins zone.
8:15 of 3rd period - Akil Thomas is hit by Jake Walman.
8:42 of 3rd period - Icing by Martin Chromiak.
8:43 of 3rd period - Marc McLaughlin wins face-off versus Martin Chromiak in Senators zone.
9:07 of 3rd period - Icing by Alex Beaucage.
9:08 of 3rd period - Adam Brooks wins face-off versus Ben Jones in Senators zone.
9:11 of 3rd period - Shot by Fillip Zadina.
9:11 of 3rd period - Stopped by Leevi Merilainen with a rebound.
9:24 of 3rd period - Martin Chromiak is hit by Adam Brooks and loses puck.
9:45 of 3rd period - Adam Brooks is hit by Antoine Roussel.
10:05 of 3rd period - Icing by Ryan Merkley.
10:06 of 3rd period - Aliaksei Protas wins face-off versus Sasha Chmelevski in Senators zone.
10:18 of 3rd period - Icing by Dylan Coghlan.
10:19 of 3rd period - Sasha Chmelevski wins face-off versus Akil Thomas in Griffins zone.
10:19 of 3rd period - Sasha Chmelevski is hit by Akil Thomas.
10:29 of 3rd period - Shot by Nick Merkley.
10:29 of 3rd period - Stopped by Leevi Merilainen without a rebound.
10:30 of 3rd period - Ben Jones wins face-off versus Alexander True in Senators zone.
10:40 of 3rd period - Off-side.
10:41 of 3rd period - Aliaksei Protas wins face-off versus Marc McLaughlin in neutral zone.
11:34 of 3rd period - Minor Penalty to A.J. Greer for Holding.
11:35 of 3rd period - Adam Brooks wins face-off versus Adam Beckman in Griffins zone.
11:46 of 3rd period - Shot by Jake Walman.
11:46 of 3rd period - Shot Misses the Net.
12:08 of 3rd period - Shot by Wade Allison.
12:08 of 3rd period - Shot Misses the Net.
12:40 of 3rd period - Shot by Zac Jones.
12:40 of 3rd period - Shot Misses the Net.
13:01 of 3rd period - Icing by Akil Thomas.
13:02 of 3rd period - Akil Thomas wins face-off versus Shane Gersich in Senators zone.
13:15 of 3rd period - Shot by Wade Allison.
13:15 of 3rd period - Shot Misses the Net.
13:17 of 3rd period - Shot by Ian Mitchell.
13:17 of 3rd period - Shot Misses the Net.
14:01 of 3rd period - Shot by Fillip Zadina.
14:01 of 3rd period - Stopped by Leevi Merilainen without a rebound.
14:02 of 3rd period - Sasha Chmelevski wins face-off versus Jamieson Rees in Senators zone.
14:05 of 3rd period - Shot by Sasha Chmelevski.
14:05 of 3rd period - Shot Misses the Net.
14:17 of 3rd period - Shot by Linus Weissbach.
14:17 of 3rd period - Shot Misses the Net.
14:19 of 3rd period - Shot by Jamieson Rees.
14:19 of 3rd period - Deflect By Antoine Roussel.
14:19 of 3rd period - Stopped by Justus Annunen with a rebound.
14:21 of 3rd period - Shot by Antoine Roussel.
14:21 of 3rd period - Goal by Antoine Roussel - Senators : 4 - Griffins : 2.
14:22 of 3rd period - Adam Brooks wins face-off versus Ben Jones in neutral zone.
14:37 of 3rd period - Shot by Martin Chromiak.
14:37 of 3rd period - Shot Misses the Net.
15:05 of 3rd period - Alex Beaucage is hit by A.J. Greer and loses puck.
15:24 of 3rd period - Shot by Sasha Chmelevski.
15:24 of 3rd period - Deflect By Nick Merkley.
15:24 of 3rd period - Shot Misses the Net.
16:30 of 3rd period - Antoine Roussel is hit by Jake Walman and loses puck.
18:25 of 3rd period - Off-side.
18:26 of 3rd period - Alexander True wins face-off versus Jamieson Rees in neutral zone.
18:34 of 3rd period - Alexander True is hit by Zac Jones and loses puck.
18:50 of 3rd period - Shot by Ryan Merkley.
18:50 of 3rd period - Shot Misses the Net.
18:52 of 3rd period - Shot by Ryan Merkley.
18:52 of 3rd period - Shot Misses the Net.
19:05 of 3rd period - Icing by Jacob Larsson.
19:06 of 3rd period - Alexander True wins face-off versus Aliaksei Protas in Griffins zone.
19:54 of 3rd period - Shot by Marc McLaughlin.
19:54 of 3rd period - Shot Misses the Net.
19:56 of 3rd period - Shot by Gabriel Carlsson.
19:56 of 3rd period - Shot Blocked by Jack Rathbone.
19:58 of 3rd period - Shot by Otto Koivula.
19:58 of 3rd period - Shot Misses the Net.
Goals for this period are 2 for Senators vs 0 for Griffins.
Shots for this period are 9 for Senators vs 4 for Griffins.